AoeStats
← AldoDG

Arena

508319107Analyzed
4v4 RM · 12d ago on Sep 21, 2026· 40m 47s· 8 players
Game mode
Random Map
Map size
Large (8 player)
Population
200
Speed
Normal
Resources
Standard
Victory
Conquest
Starting age
Dark Age
Ending age
Imperial Age
RankedLock teamsTeams togetherTeam positionsShared explorationLock speedFull tech treeHidden civsTurbo modeCheats
Victory
Defeat
🇹🇷 Bengalis · Türkiye
902
+15
🇹🇷 Mongols · Türkiye
901
+15
🇲🇽 Bohemians · Mexico
885
+16
🇺🇸 Teutons · United States
843
+17
🇦🇷 Magyars · Argentina
902
-17
🇦🇷 Vietnamese · Argentina
898
-17
🇵🇪 Sicilians · Peru
887
-16
🇦🇷 Portuguese · Argentina
813
-13
fedetiberio
4:58 Loom
11:17 Feudal Age
12:22 Loom
12:31 Double-Bit Axe
14:16 Town Watch
15:29 Horse Collar
17:16 Wheelbarrow
20:10 Castle Age
18:18 Gold Mining
20:58 Town Patrol
21:53 Bow Saw
23:41 Stone Mining
24:19 Fervor
27:27 Stone Shaft Mining
27:19 Gambesons
27:20 Arson
26:55 Pikeman
28:14 Heavy Plow
28:05 Treadmill Crane
28:52 Ballistics
28:48 Masonry
28:45 Fletching
30:57 Murder Holes
31:13 Fortified Wall
31:53 Hand Cart
32:13 Bodkin Arrow
32:39 Circumnavigation
35:01 Padded Archer Armor
35:12 Forging
35:03 Scale Mail Armor
35:08 Scale Barding Armor
39:16 Imperial Age
38:52 Chain Mail Armor
39:13 Iron Casting
38:53 Leather Archer Armor
38:59 Chain Barding Armor
40:28 Conscription
40:10 Arquebus
Departure
10:56 Feudal Age
11:25 Double-Bit Axe
12:34 Wheelbarrow
17:16 Castle Age
15:37 Stone Mining
17:14 Fletching
17:25 Padded Archer Armor
18:10 Bow Saw
19:57 Horse Collar
22:18 Gold Mining
24:29 Hand Cart
25:49 Gold Shaft Mining
26:24 Stone Shaft Mining
31:12 Imperial Age
29:33 Bodkin Arrow
29:53 Leather Archer Armor
29:49 Forging
29:39 Scale Mail Armor
31:19 First Crusade
32:52 Iron Casting
32:33 Chain Mail Armor
32:19 Elite Serjeant
34:26 Blast Furnace
35:10 Hauberk
36:28 Plate Mail Armor
35:59 Bracer
37:27 Ballistics
37:04 Murder Holes
37:19 Masonry
37:25 Caravan
37:55 Coinage
37:35 Guilds
Camalote
10:38 Feudal Age
14:37 Castle Age
16:44 Loom
17:02 Double-Bit Axe
20:28 Fletching
24:00 Padded Archer Armor
26:11 Wheelbarrow
26:02 Bodkin Arrow
28:07 Leather Archer Armor
28:52 Horse Collar
35:14 Imperial Age
33:19 Heavy Plow
35:09 Elite Skirmisher
35:24 Capped Ram
35:58 Town Watch
36:57 Thumb Ring
36:17 Pikeman
37:00 Bracer
39:43 Paper Money
40:15 Crossbowman
jm_lage
8:57 Loom
11:37 Feudal Age
12:55 Wheelbarrow
12:03 Horse Collar
12:10 Double-Bit Axe
17:40 Castle Age
17:55 Bloodlines
19:32 Scale Barding Armor
20:08 Husbandry
23:25 Gold Mining
27:20 Bow Saw
29:24 Fletching
30:48 Thumb Ring
32:18 Murder Holes
32:34 Masonry
32:31 Corvinian Army
36:22 Imperial Age
33:40 Elite Skirmisher
37:28 Conscription
38:10 Cavalier
38:59 Pikeman
AldoDG
9:59 Loom
11:45 Feudal Age
16:39 Castle Age
15:52 Double-Bit Axe
16:56 Wheelbarrow
18:33 Wheelbarrow
19:29 Bow Saw
25:37 Horse Collar
26:04 Town Watch
30:56 Imperial Age
30:59 Chemistry
30:55 Hand Cart
30:41 Town Patrol
30:34 Pikeman
31:21 Padded Archer Armor
31:34 Forging
31:25 Scale Mail Armor
31:31 Squires
32:56 Leather Archer Armor
32:52 Halberdier
38:06 Ballistics
38:24 Ring Archer Armor
38:42 Conscription
38:51 Siege Engineers
40:11 Houfnice
xxyvonnederful
11:05 Feudal Age
13:08 Loom
15:41 Castle Age
14:25 Double-Bit Axe
19:44 Scale Barding Armor
22:42 Gold Mining
24:01 Fletching
26:11 Wheelbarrow
25:25 Horse Collar
27:12 Forging
28:01 Stone Mining
29:22 Hand Cart
29:55 Bodkin Arrow
30:22 Chain Barding Armor
30:34 Town Watch
34:08 Imperial Age
32:51 Iron Casting
34:15 Heavy Plow
34:12 Cavalier
35:03 Bloodlines
36:38 Plate Barding Armor
36:00 Capped Ram
37:32 Hoardings
38:32 Conscription
40:00 Blast Furnace
40:27 Scale Mail Armor
Exec.
1:52 Loom
12:08 Feudal Age
12:44 Horse Collar
12:51 Double-Bit Axe
17:37 Castle Age
18:47 Bow Saw
18:41 Heavy Plow
19:50 Wheelbarrow
23:25 Bloodlines
23:26 Scale Barding Armor
24:03 Gold Mining
26:02 Stone Mining
27:01 Chain Barding Armor
27:19 Hand Cart
28:13 Husbandry
30:13 Gold Shaft Mining
30:15 Stone Shaft Mining
34:50 Imperial Age
32:55 Fletching
33:05 Padded Archer Armor
34:10 Bodkin Arrow
34:33 Leather Archer Armor
36:07 Bracer
36:18 Forging
37:21 Chemistry
36:27 Siege Engineers
35:54 Heavy Camel Rider
36:01 Elite Mangudai
37:08 Conscription
37:14 Scale Mail Armor
38:37 Iron Casting
39:01 Hoardings
Neshandra
0:34 Loom
12:50 Feudal Age
14:06 Wheelbarrow
13:20 Double-Bit Axe
13:24 Horse Collar
20:02 Castle Age
18:45 Fletching
19:04 Padded Archer Armor
19:34 Stone Mining
19:35 Gold Mining
22:57 Hand Cart
23:39 Bow Saw
23:38 Bodkin Arrow
23:59 Leather Archer Armor
24:13 Heavy Plow
28:39 Paiks
28:21 Elite Skirmisher
30:28 Gold Shaft Mining
31:53 Ballistics
31:29 Murder Holes
32:32 Scale Barding Armor
35:09 Imperial Age
33:43 Squires
33:04 Pikeman
33:30 Arson
36:53 Chemistry
35:56 Bracer
36:26 Ring Archer Armor
36:24 Conscription
36:16 Halberdier
37:06 Scale Barding Armor
37:12 Forging
36:43 Elite Elephant Archer
38:01 Gambesons
38:30 Scale Mail Armor
40:54 Chain Mail Armor
41:14 Iron Casting
41:00 Chain Barding Armor
Connection lost

Rejoining the realm…

Still unreachable

The connection could not be restored.

Session expired

The server has moved on; the page needs a fresh start.